 Dungeon Crawl Stone Soup version 0.17.0-28-g6e173f8 (webtiles) character file.

3164 HandofTrog the Fighter (level 9, -1/85 HPs)
             Began as a Minotaur Fighter on Nov 30, 2015.
             Was an Elder of Cheibriados.
             Killed from afar by Erolcha (22 damage)
             ... with a bolt of poison
             ... on level 8 of the Dungeon.
             The game lasted 00:23:08 (5409 turns).

HandofTrog the Fighter (Minotaur Fighter)           Turns: 5409, Time: 00:23:08

Health: -1/85      AC: 15    Str: 34    XL:     9   Next: 63%
Magic:  8/8        EV:  8    Int: 17    God:    Cheibriados [****..]
Gold:   147        SH: 12    Dex: 18    Spells: 1 memorised, 5 levels left

rFire  + . .     SeeInvis .     g - +1 flail (protect)
rCold  . . .     Clarity  .     G - +2 scale mail {rC+}
rNeg   . . .     SustAt   .     c - +0 shield
rPois  .         Gourm    .     (helmet restricted)
rElec  +         Spirit   .     O - +1 cloak of a sewer {rElec Int+2 Dex-2 Stlth+}
rCorr  .         Warding  .     (no gloves)
rMut   +         Stasis   .     (no boots)
MR     +....                    E - amulet of resist mutation
Stlth  +.........               y - ring of fire
                                i - ring of protection from magic

@: lethally poisoned (-1 -> -5), very heavily drained, very slow, somewhat
resistant to hostile enchantments, very unstealthy
A: retaliatory headbutt, horns 2
a: Bend Time, Temporal Distortion, Slouch, Renounce Religion


You were on level 8 of the Dungeon.
You worshipped Cheibriados.
Cheibriados was greatly pleased with you.
You were hungry.

You visited 1 branch of the dungeon, and saw 8 of its levels.
You also visited: Ossuary.

You collected 413 gold pieces.
You spent 266 gold pieces at shops.

Inventory:

Hand Weapons
 a - a +0 flail
 g - a +1 flail of protection (weapon)
 B - a +4 whip of venom
Missiles
 T - 6 javelins (quivered)
Armour
 b - a +0 scale mail
 c - a +0 shield (worn)
 f - a +0 cloak
 k - a +0 chain mail
 G - a +2 scale mail of cold resistance (worn)
 L - a +0 pair of gloves
 O - the +1 cloak of a sewer (worn) {rElec Int+2 Dex-2 Stlth+}
   (You bought it in a shop on level 4 of the Dungeon)

   It affects your intelligence (+2).
   It affects your dexterity (-2).
   It insulates you from electricity.
   It makes you more stealthy.
 U - a steam dragon hide
Jewellery
 i - a ring of protection from magic (left hand)
 y - a ring of fire (right hand)
 E - an amulet of resist mutation (around neck)
 K - an uncursed amulet of clarity {unknown}
 S - the ring "Umeusch" {rPois MP+9 Str+2 Dex+4, unknown}
   (You found it on level 6 of the Dungeon)

   [ring of poison resistance]

   It affects your strength (+2).
   It affects your dexterity (+4).
   It protects you from poison.
   It affects your magic capacity (+9).
Wands
 A - a wand of random effects (30)
Scrolls
 d - 2 scrolls of fear {unknown}
 h - 2 scrolls of enchant weapon {unknown}
 j - 2 scrolls of noise {unknown}
 n - 5 scrolls of remove curse {unknown}
 p - 3 scrolls of teleportation {unknown}
 z - 3 scrolls of random uselessness {unknown}
 H - 7 scrolls of identify
 J - 3 scrolls of summoning {unknown}
 N - a scroll of blinking {unknown}
Potions
 l - 5 potions of haste
 m - 2 potions of ambrosia
 q - a potion of brilliance {unknown}
 r - 6 potions of lignification {unknown}
 s - a potion of poison {unknown}
 u - 2 potions of resistance {unknown}
 w - 2 potions of invisibility {unknown}
 x - 2 potions of flight {unknown}
 D - 7 potions of curing
 F - a potion of agility {unknown}
 I - 2 potions of magic {unknown}
 P - a potion of might
 V - a potion of cure mutation {unknown}
Books
 C - a book of Battle

   Spells                             Type                      Level
   a - Infusion                       Charms                       1
   b - Shroud of Golubria             Charms/Translocation         2
   c - Song of Slaying                Charms                       2
   d - Spectral Weapon                Hexes/Charms                 3
   e - Regeneration                   Charms/Necromancy            3
Comestibles
 e - 4 bread rations
 o - 7 meat rations
 t - a slice of pizza
 M - 7 fruits
 Q - a royal jelly
 R - a beef jerky


   Skills:
 - Level 10.2(6.7) Fighting
 - Level 10.2(6.7) Maces & Flails
 - Level 3.6(0.6) Armour
 + Level 9.2(5.8) Shields


You had 5 spell levels left.
You knew the following spells:

 Your Spells              Type           Power        Failure   Level  Hunger
a - Regeneration          Chrm/Necr      #.........   100%        3    ####...


Dungeon Overview and Level Annotations

Branches:
Dungeon (8/15)             Temple (0/1) D:4
   Lair: D:8-11

Altars:
Cheibriados
Elyvilon
Kikubaaqudgha
Nemelex Xobeh
Ru
Xom

Shops:
D:4 [   D:5 (   D:6 (   D:8 =

Annotations:
D:8 Erolcha


Innate Abilities, Weirdness & Mutations

You reflexively headbutt those who attack you in melee.
You have a pair of horns on your head.


Message History

You block the water moccasin's attack.
You hear a zap.
A bolt of negative energy appears from out of thin air!
The bolt of negative energy hits you!
You feel drained.
You hit the water moccasin. You headbutt the water moccasin.
You kill the water moccasin!
Cheibriados thoroughly appreciates the change of pace.
You hear some strange, mumbled words.
Something tries to affect you, but you resist.
You closely miss something. You headbutt something. Something hits you!
* * * LOW HITPOINT WARNING * * *
Quiver which item? (- for none, * to show all) (? for menu, Esc to quit)
Okay, then.
Drink which item? (? for menu, Esc to quit)
You feel better.
You hear some strange, mumbled words.
A bolt of poison appears from out of thin air!
The bolt of poison hits you!
You are poisoned.
You die...

###### ##....##
......+ .....# ....#
#+### #..#
####...####..###
+.........#.{..# ..
#.........'.@..#
....#.........#....#
#...##..##'#####..##
#...##.∩##†..######
.<......#......#
........#......#
........#......#
........+......#
........#......#


There were no monsters in sight!

Vanquished Creatures
  Sigmund (D:2)
  The ghost of lorenzova the Conjurer, an amateur DECj (Ossuary)
  A steam dragon (D:7)
  Menkaure (D:6)
  An orc warrior (D:6)
  A water moccasin (D:8)
  A black bear (D:7)
  2 phantoms
  3 ogres
  A crocodile (D:7)
  A centaur (D:5)
  4 giant frogs (D:6)
  5 water moccasin zombies (Ossuary)
  A scorpion (D:8)
  3 killer bees (D:7)
  3 crimson imps
  3 giant frog skeletons
  10 orc wizards
  2 hounds
  4 orc priests
  Ijyb (D:3)
  2 iguanas
  3 worker ants
  2 mummies (Ossuary)
  2 worker ant zombies (D:6)
  8 adders
  An ooze (D:4)
  An adder skeleton (D:5)
  5 adder zombies (Ossuary)
  A worm (D:3)
  10 giant geckos
  23 orcs
  10 bats
  4 giant cockroaches
  7 goblins
  3 hobgoblins
  11 kobolds
  2 quokkas
  2 ball pythons
  A giant gecko zombie (D:7)
  4 giant newts
  2 gnoll zombies (Ossuary)
  3 hobgoblin zombies (Ossuary)
  A jackal zombie (D:6)
  9 kobold zombies (Ossuary)
  10 orc zombies (Ossuary)
  8 rats
185 creatures vanquished.

Vanquished Creatures (others)
  An adder zombie (Ossuary)
  A hobgoblin zombie (Ossuary)
  A kobold zombie (Ossuary)
3 creatures vanquished.

Grand Total: 188 creatures vanquished

Notes
Turn   | Place    | Note
--------------------------------------------------------------
     0 | D:1      | HandofTrog the Minotaur Fighter began the quest for the Orb.
     0 | D:1      | Reached XP level 1. HP: 19/19 MP: 0/0
    41 | D:1      | Reached skill level 4 in Fighting
   180 | D:1      | Reached XP level 2. HP: 27/27 MP: 1/1
   545 | D:2      | Reached skill level 5 in Fighting
   545 | D:2      | Reached XP level 3. HP: 28/36 MP: 2/2
   612 | D:2      | Found an ancient bone altar of Kikubaaqudgha.
   704 | D:2      | Noticed Sigmund
   721 | D:2      | Killed Sigmund
   721 | D:2      | Reached skill level 7 in Fighting
   721 | D:2      | Reached XP level 4. HP: 7/47 MP: 3/3
   721 | D:2      | Reached XP level 5. HP: 7/52 MP: 4/4
  1097 | D:2      | Found a snail-covered altar of Cheibriados.
  1099 | D:2      | Found a sacrificial altar of Ru.
  1760 | D:3      | Reached skill level 8 in Fighting
  2318 | D:3      | Reached XP level 6. HP: 49/61 MP: 5/5
  2393 | D:3      | Noticed Ijyb
  2407 | D:3      | Killed Ijyb
  2424 | D:2      | Found a shimmering altar of Xom.
  2441 | D:2      | Learned a level 3 spell: Regeneration
  2453 | D:2      | Became a worshipper of Cheibriados the Contemplative
  2723 | D:4      | Found Qeffekae's Antique Armour Shoppe.
  2865 | D:4      | Reached skill level 9 in Fighting
  2990 | D:4      | Reached XP level 7. HP: 68/71 MP: 6/6
  3104 | D:4      | Found a white marble altar of Elyvilon.
  3155 | D:4      | Reached * piety under Cheibriados
  3164 | D:4      | Reached skill level 10 in Fighting
  3299 | D:4      | Found a staircase to the Ecumenical Temple.
  3370 | D:5      | Entered Level 5 of the Dungeon
  3371 | D:5      | Found a sand-covered staircase.
  3380 | Ossuary  | Entered an ossuary
  3453 | Ossuary  | Reached skill level 5 in Maces & Flails
  3455 | Ossuary  | Noticed lorenzova's ghost (amateur DECj)
  3473 | Ossuary  | Killed lorenzova's ghost
  3473 | Ossuary  | Reached XP level 8. HP: 65/79 MP: 7/7
  3476 | Ossuary  | Reached ** piety under Cheibriados
  3700 | D:5      | You fall through a shaft for 3 floors!
  3885 | D:4      | Bought a slimy cloak for 266 gold pieces
  3895 | D:4      | Identified the +1 cloak of a sewer {rElec Int+2 Dex-2 Stlth+} (You bought it in a shop on level 4 of the Dungeon)
  3985 | D:5      | Reached *** piety under Cheibriados
  4050 | D:5      | Found Jutuew's Weapon Shop.
  4305 | D:6      | Found a sparkling altar of Nemelex Xobeh.
  4394 | D:6      | Reached skill level 10 in Maces & Flails
  4435 | D:6      | Noticed Menkaure
  4468 | D:6      | Reached XP level 9. HP: 85/85 MP: 8/8
  4474 | D:6      | Killed Menkaure
  4474 | D:6      | Reached skill level 5 in Shields
  4493 | D:6      | Reached **** piety under Cheibriados
  4567 | D:6      | Found Uthessin's Weapon Shoppe.
  4628 | D:6      | Got a fine gossamer ring
  5370 | D:8      | Found Satsap's Jewellery Emporium.
  5393 | D:8      | Noticed Erolcha
  5409 | D:8      | Killed from afar by Erolcha

Action                   |  1- 3 |  4- 6 |  7- 9 || total
-------------------------+-------+-------+-------++-------
Melee: Flail             |    77 |   117 |   300 ||   494
  Use: Potion            |     2 |       |     4 ||     6
       Scroll            |       |     3 |       ||     3
  Eat: Chunk             |       |     6 |     1 ||     7
       Bread ration      |       |     1 |       ||     1
